 Dungeon Crawl Stone Soup version 0.20-a0-1089-g3fde505 (console) character file.

98 nht the Ruffian (level 4, -3/35 HPs)
             Began as a Demonspawn Fighter on May 2, 2017.
             Slain by a gnoll
             ... wielding a +0 spear
              (5 damage)
             ... on level 2 of the Dungeon.
             The game lasted 00:02:30 (1584 turns).

nht the Ruffian (Demonspawn Fighter)                Turns: 1584, Time: 00:02:31

Health: -3/35      AC:  6    Str: 12 (15) XL:     4   Next: 44%
Magic:  13/13      EV:  6    Int: 10      God:
Gold:   132        SH:  8    Dex: 14      Spells: 3/3 levels left

rFire    + + .     SeeInvis .     - Unarmed
rCold    + . .     Gourm    .   b - +0 shield
rNeg     . . .     Faith    .   a - +0 scale mail
rPois    .         Spirit   .   (no helmet)
rElec    .         Reflect  .   (no cloak)
rCorr    .         Harm     .   (no gloves)
MR       .....                  (no boots)
Stlth    ..........             (no amulet)
Regen    0.2/turn               j - ring of magical power
MPRegen  0.2/turn               n - ring of protection from fire

@: no status effects
A: talons 2, agile 1, cold resistance 1, fire resistance 1, weak 1
a: no special abilities


You were on level 2 of the Dungeon.
You were not hungry.

You visited 1 branch of the dungeon, and saw 2 of its levels.

You collected 132 gold pieces.

Inventory:

Missiles
 e - 6 javelins (quivered)
Armour
 a - a +0 scale mail (worn)
 b - a +0 shield (worn)
Jewellery
 j - a ring of magical power (left hand)
 n - a ring of protection from fire (right hand)
Scrolls
 h - a scroll of recharging {unknown}
 i - a scroll of amnesia {unknown}
 o - a scroll of fear {unknown}
Potions
 m - a potion of brilliance
 q - a potion of agility
Comestibles
 d - 2 bread rations
 g - 3 royal jellies
 l - 3 chunks of flesh


   Skills:
 - Level 3.0 Fighting
 - Level 2.6 Armour
 - Level 2.6 Shields
 + Level 4.3 Unarmed Combat


You had 3 spell levels left.
You didn't know any spells.

Dungeon Overview and Level Annotations

Branches:
Dungeon (2/15)

Altars:


Innate Abilities, Weirdness & Mutations

You have razor-sharp toenails.
Your flesh is cold resistant. (rC+)
You are agile. (Dex +2)
Your flesh is heat resistant. (rF+)
You are weak. (Str -2)


Message History

You completely miss the gnoll. You claw the gnoll.
You kill the gnoll!
You feel your dexterity returning. You block the gnoll's attack.
It was a potion of brilliance.
You feel clever all of a sudden. You block the gnoll's attack.
It was a potion of lignification.
You turn into a tree.
Your +0 scale mail melds into your body.
Your roots penetrate the ground.
The gnoll hits you from afar with a spear.
* * * LOW HITPOINT WARNING * * *
It was a potion of cancellation.
Your magical effects are unravelling.
You feel magically purged.
You feel less wooden.
Your +0 scale mail unmelds from your body.
You feel a little less mighty now.
You feel a little less clever now.
The gnoll hits you from afar with a spear.
You die...

█............████████
████....................
███.██.........)..........
█...██.....(((............
███.█.██......).............
█...█.█████'███████.........
█.███.█████g................
█.██......█)███████.........
█.██......█@█


██████████ █████.██......█.█ █.....██......█.█ █.██████.<......████
█.██████.......█...█ █.....██.......█.█.█ █.███.██.......█.█.█
█.███.██.███'█.█.█.████████ █.██...........).█.██.....█ You could see a gnoll.

Vanquished Creatures
  3 gnolls (D:2)
  2 adders (D:2)
  An ooze (D:2)
  A dart slug (D:1)
  2 giant cockroaches (D:1)
  6 goblins
  9 hobgoblins
  4 jackals (D:1)
  4 kobolds
  A quokka (D:2)
  5 bats
  5 frilled lizards
  3 rats
46 creatures vanquished.

Notes
Turn   | Place    | Note
-------+----------+-------------------------------------------
     0 | D:1      | nht the Demonspawn Fighter began the quest for the Orb.
     0 | D:1      | Reached XP level 1. HP: 18/18 MP: 1/1
    55 | D:1      | Reached skill level 2 in Unarmed Combat
   167 | D:1      | Gained mutation: You have sharp toenails. [demonic ancestry]
   167 | D:1      | Reached XP level 2. HP: 13/24 MP: 2/2
   544 | D:1      | Reached skill level 3 in Unarmed Combat
   717 | D:1      | Gained mutation: Your flesh is cold resistant. (rC+) [demonic ancestry]
   717 | D:1      | Reached XP level 3. HP: 24/29 MP: 3/3
  1452 | D:2      | Gained mutation: You have razor-sharp toenails. [demonic ancestry]
  1452 | D:2      | Reached XP level 4. HP: 31/35 MP: 4/4
  1572 | D:2      | Reached skill level 4 in Unarmed Combat
  1578 | D:2      | Gained mutation: Your flesh is heat resistant. (rF+) [potion of mutation]
  1578 | D:2      | Gained mutation: You are weak. (Str -2) [potion of mutation]
  1578 | D:2      | Gained mutation: You are agile. (Dex +2) [potion of mutation]
  1584 | D:2      | Slain by a gnoll

Vault maps used:
D:1:      dpeg_arrival_stone_temple_mockup, kennysheep_flooded_box,
          serial_bayou_lagoon_a
D:2:      minmay_stone_trees_large

Skill      XL: |  1  2  3  4 |
---------------+-------------+-----
Unarmed Combat | 2 3 4 |  4.3
Fighting       | |  3.0
Armour         | |  2.6
Shields        | |  2.6

Action                   |  1- 3 |  4- 6 || total
-------------------------+-------+-------++-------
Melee: Unarmed           |   214 |    12 ||   226
       Kick              |    46 |     2 ||    48
  Use: Potion            |     2 |     5 ||     7
  Eat: Chunk             |     2 |     1 ||     3
Armor: Scale mail        |    71 |     7 ||    78
Dodge: Dodged            |    42 |     3 ||    45
Block: Shield            |    89 |     7 ||    96
